 Dungeon Crawl Stone Soup version 0.29.1-13-g9f3cf754e1 (webtiles) character file.

Game seed: 12172224760379761736

683 cheesebisquit the Skirmisher (level 7, 0/56 HPs)
             Began as a Minotaur Hunter on Jan 21, 2023.
             Slain by a gnoll
             ... wielding a +0 spear
             ... led by a gnoll bouda
              (3 damage)
             ... on level 4 of the Dungeon.
             The game lasted 00:17:25 (3836 turns).

cheesebisquit the Skirmisher (Minotaur Hunter)      Turns: 3836, Time: 00:17:26

Health: 0/56       AC:  7    Str: 16    XL:     7   Next: 35%
Magic:  6/6        EV: 11    Int:  6    God:
Gold:   227        SH:  0    Dex: 15    Spells: 6/6 levels left

rFire   . . .      SeeInvis .   a - +0 shortbow
rCold   . . .      Faith    .   (shield currently unavailable)
rNeg    . . .      Spirit   .   d - +0 ring mail
rPois   .          Reflect  .   (helmet restricted)
rElec   .          Harm     .   v - scarf {repulsion}
rCorr   .          Rampage  .   (no gloves)
Will    .....                   j - +1 pair of boots
Stlth   +.........              (no amulet)
HPRegen 0.18/turn               (no ring)
MPRegen 0.10/turn               (no ring)

@: repel missiles
A: horns 2, retaliatory headbutt
a: no special abilities


You were on level 4 of the Dungeon.
You visited 1 branch of the dungeon, and saw 4 of its levels.

You collected 227 gold pieces.

Inventory:

Hand Weapons
 a - a +0 shortbow (weapon)
Armour
 d - a +0 ring mail (worn)
 e - a +1 hat
 j - a +1 pair of boots (worn)
 k - a +0 chain mail
 l - a +0 leather armour of cold resistance
 n - a +0 cloak
 v - a scarf of repulsion (worn)
Jewellery
 o - an amulet of faith
Scrolls
 b - a scroll of immolation
 p - a scroll of blinking {unknown}
 q - a scroll of enchant armour
 s - a scroll of teleportation {unknown}
Potions
 f - a potion of resistance
 g - 3 potions of curing
 i - a potion of degeneration
 t - a potion of flight
 u - a potion of brilliance {unknown}


   Skills:
 - Level 2.4 Fighting
 + Level 9.9 Ranged Weapons
 - Level 2.1 Dodging
 - Level 0.7 Stealth


You had 6 spell levels left.
You didn't know any spells.
Your spell library contained the following spells:

 Spells                   Type           Power      Damage    Failure   Level
 Olgreb's Toxic Radiance  Pois           0%         N/A       100%        4
 Ozocubu's Refrigeration  Ice            0%         4d7       100%        7
 Ignition                 Fire           0%         3d3       100%        8


Dungeon Overview and Level Annotations

Branches:
Dungeon (4/15)
 Temple: D:4-7

Altars:


Innate Abilities, Weirdness & Mutations

You have a pair of horns on your head.
You reflexively headbutt those who attack you in melee.


Message History

You furiously retaliate!
You headbutt the endoplasm!
You kill the endoplasm!
A gnoll comes into view. It is wielding a +0 spear.
The gnoll shouts!
A puff of flame appears from out of thin air!
The puff of flame is repelled.
A gnoll comes into view. It is wielding a +0 club.
The orc priest mumbles some strange prayers to Beogh against you.
The gnoll shouts!
A gnoll bouda comes into view. It is wielding a +0 whip.
The gnoll hits you from afar with a +0 spear!
* * * LOW HITPOINT WARNING * * *
Okay, then.
Okay, then.
The gnoll hits you from afar with a +0 spear.
* * * LOW HITPOINT WARNING * * *
A magic dart appears from out of thin air!
The magic dart hits you.
* * * LOW HITPOINT WARNING * * *
The orc priest casts a cantrip, but nothing happens.
The gnoll bouda barks out a call to the hunt!
The gnolls pick up the pace!
As you read the scroll labelled NIOGRO WUCVES, it crumbles to dust.
Your body is wracked with pain!
* * * LOW HITPOINT WARNING * * *
Something is bathed in an unholy light!
The orc priest convulses!
The gnoll convulses! x4; The gnoll bouda convulses!
It was a scroll of torment.
The gnoll barely misses you.
As you read the scroll labelled JASMIUHOIMN, it crumbles to dust.
You hear a loud clanging noise!
It was a scroll of noise.
The gnoll hits you from afar with a +0 spear.
* * * LOW HITPOINT WARNING * * *
The gnoll completely misses you.
As you read the scroll labelled LIKLABO YVUTA, it crumbles to dust.
You feel aware of your surroundings.
It was a scroll of magic mapping.
The gnoll hits you from afar with a +0 spear.
* * * LOW HITPOINT WARNING * * *
The gnoll hits you from afar with a +0 spear.
You die...

...#...†....##...#............#..
#...........##................###
.....#....#######..............##
..............###..............##
...............................##
...................##......######
#........................,,* #
.............og...........,* ##
..............gg@.........#*####.
[..##.##.....o............# #....
....#.....#...g...........###....
.##.#####.#..........##....##....
..#.{.o...####..g....##..........
..#######..?....######...........
..# #.......######........... ..#
#...........##........... ..#
##......###.....)........


You could see a gnoll bouda, an orc priest, 4 gnolls and an orc.

Vanquished Creatures
  Sigmund (D:3)
  A black bear (D:4)
  An ogre (D:4)
  A phantom (D:4)
  A howler monkey (D:4)
  A jelly (D:4)
  2 orc wizards (D:4)
  6 adders
  2 worms
  3 dart slugs
  5 orcs
  11 endoplasms
  2 giant cockroaches
  9 goblins
  5 hobgoblins
  7 jackals
  11 kobolds
  2 quokkas
  8 ball pythons
  8 bats
  2 frilled lizards
  4 rats
93 creatures vanquished.

Notes
Turn   | Place    | Note
-------+----------+-------------------------------------------
     0 | D:1      | cheesebisquit the Minotaur Hunter began the quest for the
                  | Orb.
     0 | D:1      | Reached XP level 1. HP: 18/18 MP: 0/0
   322 | D:1      | Reached XP level 2. HP: 25/25 MP: 1/1
   406 | D:1      | Reached skill level 5 in Ranged Weapons
   570 | D:1      | Found a faded altar of an unknown god.
   642 | D:1      | Reached XP level 3. HP: 30/30 MP: 2/2
  1038 | D:2      | Reached skill level 6 in Ranged Weapons
  1635 | D:2      | Reached XP level 4. HP: 37/37 MP: 3/3
  2067 | D:3      | Noticed Sigmund
  2816 | D:3      | Killed Sigmund
  2817 | D:3      | Reached skill level 8 in Ranged Weapons
  2817 | D:3      | Reached XP level 5. HP: 28/42 MP: 4/4
  2817 | D:3      | Reached XP level 6. HP: 33/50 MP: 5/5
  3067 | D:4      | Reached skill level 9 in Ranged Weapons
  3344 | D:4      | Reached XP level 7. HP: 36/56 MP: 6/6
  3836 | D:4      | Slain by a gnoll

Illustrated notes

Levels and vault maps discovered:
D:1:      erik_arrival_cave_to_civilisation [erik_arrival_cave_to_hall],
          layout_rooms, shapermc_ecumenical_altar_mp_ritualfount
D:2:      layout_basic
D:3:      layout_rooms, uniq_sigmund
D:4:      layout_basic, minmay_a_box_with_orc_wizards_in_it

Skill      XL: |  1  2  3  4  5  6 |
---------------+-------------------+-----
Ranged Weapons | 5 6 8 9 |  9.9
Fighting       | |  2.4
Dodging        | |  2.1
Stealth        | |  0.7

Action                   |  1- 3 |  4- 6 |  7- 9 || total
-------------------------+-------+-------+-------++-------
Melee: Unarmed           |       |    29 |       ||    29
       Punch             |       |     1 |       ||     1
 Fire: Shortbow          |   108 |   103 |    56 ||   267
  Use: Scroll            |       |     7 |     3 ||    10
       Potion            |       |     2 |     1 ||     3
Armor: Leather armour    |     7 |       |       ||     7
       Ring mail         |    13 |    15 |    17 ||    45
       Skin              |       |    70 |       ||    70
Dodge: Dodged            |    37 |    37 |    20 ||    94
       Repelled          |       |     1 |     2 ||     3
